 Dungeon Crawl Stone Soup version 0.32-a0-136-gc02482bde3 (webtiles) character file.

Game seed: 18350628724112234388

231 CougarLife the Digger (level 6, -5/44 HPs)
             Began as a Gnoll Earth Elementalist on Feb 10, 2024.
             Slain by a hornet (6 damage)
             ... on level 4 of the Dungeon.
             The game lasted 00:03:22 (2721 turns).

CougarLife the Digger (Gnoll Earth Elementalist)    Turns: 2721, Time: 00:03:23

Health: -5/44      AC:  2    Str:  7    XL:     6   Next: 4%
Magic:  20/22      EV: 13    Int: 17    God:
Gold:   231        SH:  0    Dex: 12    Spells: 14/15 levels left

rFire   . . .        d - +0 dagger
rCold   + . .        (no shield)
rNeg    . . .        a - +0 robe
rPois   .            (no helmet)
rElec   .            (no cloak)
rCorr   .            (no gloves)
SInv    .            (no boots)
Will    .....        m - amulet of regeneration
Stlth   +++          g - ring of protection from cold
HPRegen 1.07/turn    j - ring of magical power
MPRegen 0.18/turn

%: no passive effects
@: mighty, lethally poisoned (-5 -> -14), slowed, very slow
A: fangs 1, strong nose, distributed training
a: no special abilities


You were on level 4 of the Dungeon.
You visited 1 branch of the dungeon, and saw 4 of its levels.

You collected 231 gold pieces.

Inventory:

Hand Weapons
 d - a +0 dagger (weapon)
Armour
 a - a +0 robe (worn)
Jewellery
 g - a ring of protection from cold (left hand)
 j - a ring of magical power (right hand)
 k - a ring of ice
 m - an amulet of regeneration (around neck)
 o - a ring of wizardry
Scrolls
 i - 2 scrolls of identify {unknown}
 l - a scroll of teleportation {unknown}
 n - a scroll of fear {unknown}
 p - a scroll of blinking {unknown}
Potions
 b - a potion of magic
 c - a potion of might
 e - a potion of haste {unknown}
 f - a potion of enlightenment {unknown}
 h - a potion of degeneration {unknown}


   Skills:
 + Level 1.8 Fighting
 + Level 1.8 Short Blades
 + Level 1.8 Long Blades
 + Level 1.8 Axes
 + Level 1.8 Maces & Flails
 + Level 1.8 Polearms
 + Level 1.8 Staves
 + Level 1.8 Ranged Weapons
 + Level 1.8 Throwing
 + Level 1.8 Armour
 + Level 4.9 Dodging
 + Level 4.5 Stealth
 + Level 1.8 Shields
 + Level 1.8 Unarmed Combat
 + Level 5.3 Spellcasting
 + Level 2.5 Conjurations
 + Level 1.4 Hexes
 + Level 1.4 Summonings
 + Level 1.4 Necromancy
 + Level 1.4 Translocations
 + Level 1.4 Fire Magic
 + Level 1.4 Ice Magic
 + Level 1.4 Air Magic
 + Level 5.6 Earth Magic
 + Level 1.4 Alchemy
 + Level 2.0 Invocations
 + Level 1.8 Evocations
 + Level 1.6 Shapeshifting


You had 14 spell levels left.
You knew the following spells:

 Your Spells              Type           Power      Damage    Failure   Level
a - Sandblast             Erth           46%        2d11      1%          1

Your spell library contained the following spells:

 Spells                   Type           Power      Damage    Failure   Level
 Passwall                 Erth           23%        N/A       4%          3
 Kiss of Death            Conj/Necr      44%        2d8       6%          1
 Stone Arrow              Conj/Erth      36%        3d9       8%          3
 Confusing Touch          Hex            9%         N/A       22%         3
 Brom's Barrelling Bould  Conj/Erth      18%        2d4       26%         4
 Petrify                  Alch/Erth      16%        N/A       32%         4
 Dispel Undead            Necr           9%         3d8       58%         4


Dungeon Overview and Level Annotations

Branches:
Dungeon (4/15)
 Temple: D:4-7

Altars:

Shops:
D:3 *


Innate Abilities, Weirdness & Mutations

You have very sharp teeth.
Your uncanny sense of smell can sniff out nearby items.
Your experience applies equally to all skills.


Message History

You have reached level 6!
The blast of sand hits the endoplasm!
You kill the endoplasm!
You can't see any susceptible monsters within range! (Use Z to cast anyway.)
An orc comes into view. It is wielding a +0 war axe.
An orc is nearby!
The orc shouts!
You hear an angry buzzing noise.
The blast of sand hits the orc!
You kill the orc!
A hornet comes into view.
You can't see any susceptible monsters within range! (Use Z to cast anyway.)
A hornet is nearby!
Casting: Sandblast (safe; 1% risk of failure)
Confirm with . or Enter, or press ? or * to list all spells.
You don't know that spell.
You can't see any susceptible monsters within range! (Use Z to cast anyway.)
You aren't carrying any items that you can evoke.
The blast of sand hits the hornet!
The hornet is moderately wounded.
The blast of sand hits the hornet but does no damage.
The hornet is moderately wounded.
The hornet stings you!
You are poisoned.
You feel yourself slow down. The hornet stings you.
You are more poisoned.
You feel as though you will be slow longer.
The blast of sand hits the hornet.
The hornet is moderately wounded.
You feel extremely sick. The hornet barely misses you.
The hornet completely misses you. The hornet stings you!
* * * LOW HITPOINT WARNING * * *
You are more poisoned.
You feel as though you will be slow longer.
It was a potion of might.
You feel very mighty all of a sudden.
* * * LOW HITPOINT WARNING * * *
You feel extremely sick. The hornet stings you.
You die...

### ####.. #
..#.## #
#.#....# ..
#...#..####...
#.............
#..##)........
..
#...@y....)...
...
#).......##...
...#
#.....##.#
....
#..#..##.##.#
# #.#
#..........# .
#..
##...###.##.#
#.#..
#...###.###.##
#.#..
#....[.....#.
#....
#...###.##..#
#..


You could see a hornet.

Vanquished Creatures
  A bombardier beetle (D:3)
  An orc priest (D:3)
  An iguana (D:4)
  4 adders
  5 dart slugs
  3 ribbon worms
  7 orcs
  5 bats
  6 endoplasms
  3 giant cockroaches
  3 goblins (D:3)
  5 hobgoblins
  15 jackals
  7 kobolds
  3 quokkas
  5 ball pythons
  2 frilled lizards
  2 rats
78 creatures vanquished.

Notes
Turn   | Place    | Note
-------+----------+-------------------------------------------
     0 | D:1      | CougarLife the Gnoll Earth Elementalist began the quest for
                  | the Orb.
     0 | D:1      | Reached XP level 1. HP: 13/13 MP: 6/6
   106 | D:1      | Reached XP level 2. HP: 19/19 MP: 3/7
   448 | D:1      | Reached skill level 5 in Spellcasting
   448 | D:1      | Reached XP level 3. HP: 25/25 MP: 6/9
   942 | D:2      | Reached skill level 1 in Invocations
  1210 | D:2      | Reached skill level 1 in Fighting
  1210 | D:2      | Reached skill level 1 in Short Blades
  1210 | D:2      | Reached skill level 1 in Long Blades
  1210 | D:2      | Reached skill level 1 in Axes
  1210 | D:2      | Reached skill level 1 in Maces & Flails
  1210 | D:2      | Reached skill level 1 in Polearms
  1210 | D:2      | Reached skill level 1 in Staves
  1210 | D:2      | Reached skill level 1 in Ranged Weapons
  1210 | D:2      | Reached skill level 1 in Throwing
  1210 | D:2      | Reached skill level 1 in Armour
  1210 | D:2      | Reached skill level 1 in Shields
  1210 | D:2      | Reached skill level 1 in Unarmed Combat
  1210 | D:2      | Reached skill level 1 in Evocations
  1370 | D:2      | Reached skill level 1 in Shapeshifting
  1370 | D:2      | Reached XP level 4. HP: 32/32 MP: 7/11
  1549 | D:2      | Reached skill level 1 in Hexes
  1549 | D:2      | Reached skill level 1 in Summonings
  1549 | D:2      | Reached skill level 1 in Necromancy
  1549 | D:2      | Reached skill level 1 in Translocations
  1549 | D:2      | Reached skill level 1 in Fire Magic
  1549 | D:2      | Reached skill level 1 in Ice Magic
  1549 | D:2      | Reached skill level 1 in Air Magic
  1549 | D:2      | Reached skill level 1 in Alchemy
  1978 | D:3      | Reached XP level 5. HP: 37/37 MP: 12/12
  2113 | D:3      | Found Ryonuo Zyopp's General Store.
  2682 | D:4      | Reached XP level 6. HP: 44/44 MP: 13/13
  2714 | D:4      | Noticed a hornet
  2721 | D:4      | HP: 1/44 [poisoned by a hornet]
  2721 | D:4      | Slain by a hornet

Illustrated notes

Levels and vault maps discovered:
D:1:      minmay_arrival_shoal_huts, layout_basic
D:2:      layout_loops_cross, minmay_puff
D:3:      layout_loops_ring, serial_shops, nicolae_shop_peninsula,
          minmay_ruptured
D:4:      layout_loops_ring

Skill      XL: |  1  2  3  4  5 |
---------------+----------------+-----
Conjurations   | 2 |  2.5
Spellcasting   | 5 |  5.3
Invocations    | 1 2 |  2.0
Fighting       | 1 |  1.8
Short Blades   | 1 |  1.8
Long Blades    | 1 |  1.8
Axes           | 1 |  1.8
Maces & Flails | 1 |  1.8
Polearms       | 1 |  1.8
Staves         | 1 |  1.8
Ranged Weapons | 1 |  1.8
Throwing       | 1 |  1.8
Armour         | 1 |  1.8
Shields        | 1 |  1.8
Unarmed Combat | 1 |  1.8
Evocations     | 1 |  1.8
Shapeshifting  | 1 |  1.6
Hexes          | 1 |  1.4
Summonings     | 1 |  1.4
Necromancy     | 1 |  1.4
Translocations | 1 |  1.4
Fire Magic     | 1 |  1.4
Ice Magic      | 1 |  1.4
Air Magic      | 1 |  1.4
Alchemy        | 1 |  1.4
Dodging        | |  4.9
Stealth        | |  4.5
Earth Magic    | |  5.6

Action                     |  1- 3 |  4- 6 || total
---------------------------+-------+-------++-------
  Melee: Unarmed           |     6 |       ||     6
         Bite              |     1 |       ||     1
         Dagger            |       |     1 ||     1
   Cast: Sandblast         |    48 |    65 ||   113
    Use: Potion            |       |     1 ||     1
 Armour: Robe              |    16 |    15 ||    31
  Dodge: Dodged            |    11 |    21 ||    32

Table legend: (Time is in decaauts)
 A = Elapsed time spent in this place.
 B = Non-inter-level travel time spent in this place.
 C = Inter-level travel time spent in this place.
 D = Time resting spent in this place.
 E = Time spent auto-exploring this place.
 F = Levels seen in this place.
 G = Mean time per level.
                   A        B        C        D        E       F      G
               +--------+--------+--------+--------+--------+-----+--------+
         Total |   2779 |   2681 |     98 |     30 |   2230 |   4 |  694.8 |
       Dungeon |   2779 |   2681 |     98 |     30 |   2230 |   4 |  694.8 |
               +--------+--------+--------+--------+--------+-----+--------+

Top non-repeatable levels by time:
     D:2: 1027 daAuts
     D:1: 867 daAuts
     D:3: 763 daAuts
     D:4: 121 daAuts
